 Dungeon Crawl Stone Soup version 0.28.0 (webtiles) character file.

Game seed: 16326830210279432390

227 funkygono the Magician (level 6, -25/32 HPs)
             Began as a Gargoyle Fire Elementalist on Feb 15, 2022.
             Annihilated by an ogre (32 damage)
             ... on level 3 of the Dungeon.
             The game lasted 00:05:47 (4237 turns).

funkygono the Magician (Gargoyle Fire Elementalist) Turns: 4237, Time: 00:05:48

Health: -25/32     AC:  6    Str: 11    XL:     6   Next: 2%
Magic:  11/12      EV: 12    Int: 18    God:
Gold:   142        SH:  0    Dex: 16    Spells: 2/13 levels left

rFire   . . .      SeeInvis .   g - +0 club
rCold   . . .      Faith    .   (no shield)
rNeg    + . .      Spirit   .   a - +0 robe
rPois   ∞          Reflect  .   (no helmet)
rElec   +          Harm     .   (no cloak)
rCorr   .          Rampage  .   (no gloves)
Will    .....                   (no boots)
Stlth   ++........              (no amulet)
HPRegen 0.10/turn               i - +6 ring of dexterity
MPRegen 0.13/turn               (no ring)

@: very slightly contaminated
A: sickness immunity, AC +4, negative energy resistance 1, electricity
resistance, torment resistance 1, petrification resistance
a: no special abilities


You were on level 3 of the Dungeon.
You visited 1 branch of the dungeon, and saw 3 of its levels.

You collected 142 gold pieces.

Inventory:

Hand Weapons
 g - a +0 club (weapon)
Missiles
 d - 63 stones
Armour
 a - a +0 robe (worn)
 f - a +0 leather armour
Jewellery
 i - a +6 ring of dexterity (left hand)
Scrolls
 b - a scroll of blinking {unknown}
 h - 2 scrolls of teleportation {unknown}
 j - 2 scrolls of identify {unknown}
 l - a scroll of enchant armour {unknown}
 m - a scroll of torment {unknown}
Potions
 c - a potion of haste {unknown}
 e - a potion of might {unknown}
 k - 2 potions of curing {unknown}
 n - a potion of flight {unknown}
 o - a potion of cancellation {unknown}


   Skills:
 + Level 1.8 Dodging
 - Level 2.1 Stealth
 * Level 4.3 Spellcasting
 * Level 2.5 Conjurations
 * Level 4.2 Fire Magic


You had 2 spell levels left.
You knew the following spells:

 Your Spells              Type           Power      Damage    Failure   Level
a - Foxfire               Conj/Fire      64%        2x1d7     3%          1
b - Scorch                Fire           38%        2d7       3%          2
c - Conjure Flame         Conj/Fire      16%        6-21      11%         3
d - Flame Wave            Conj/Fire      16%        2d6       34%         4
e - Sting                 Tmut/Pois      12%        1d3       14%         1

Your spell library contained the following spells:

 Spells                   Type           Power      Damage    Failure   Level
 Apportation              Tloc           6%         N/A       14%         1
 Blink                    Tloc           6%         N/A       22%         2
 Poisonous Vapours        Pois/Air       6%         N/A       22%         2
 Inner Flame              Hex/Fire       11%        N/A       19%         3
 Olgreb's Toxic Radiance  Pois           3%         N/A       82%         4
 Alistair's Intoxication  Tmut/Pois      2%         N/A       99%         5
 Manifold Assault         Tloc           3%         N/A       99%         5
 Storm Form               Tmut/Air       1%         N/A       100%        7


Dungeon Overview and Level Annotations

Branches:
Dungeon (3/15)

Altars:
Ru


Innate Abilities, Weirdness & Mutations

You are immune to sickness and miasma.
Your stone body is resilient. (AC +4)
You are immune to poison.
You resist negative energy. (rN+)
You are resistant to electric shocks. (rElec)
You are resistant to unholy torment.
You are immune to petrification.


Message History

Things that are here:
a +0 halberd; a gnoll corpse A rat comes into view.
Casting: Foxfire (safe; 3% risk of failure)
Confirm with . or Enter, or press ? or * to list all spells.
You conjure some foxfire!
The foxfire hits the rat.
You kill the rat!
Your foxfire dissipates!
Found a stone staircase leading up.
An ogre comes into view. It is wielding a +0 giant club.
The ogre shouts!
Casting: Foxfire (safe; 3% risk of failure)
Confirm with . or Enter, or press ? or * to list all spells.
Aiming: Sting (safe; 14% risk of failure)
Press: ? - help, Shift-Dir - straight line, f - ogre
Aim: an ogre, wielding a +0 giant club (83% to hit)
The sting hits the ogre.
The ogre is poisoned.
The ogre is lightly wounded.
Unknown command.
Casting: Sting (safe; 14% risk of failure)
Confirm with . or Enter, or press ? or * to list all spells.
Flames lash the ogre.
The ogre is heavily wounded.
The ogre's fire resistance burns away.
The ogre hits you with a +0 giant club!!
Ouch! That really hurt!
* * * LOW HITPOINT WARNING * * *
The ogre looks more healthy.
The ogre is no longer more vulnerable to fire.
You see here a rat corpse.
There is an open door here.
Casting: Scorch (safe; 3% risk of failure)
Confirm with . or Enter, or press ? or * to list all spells.
You miscast Foxfire.
You are very lightly contaminated with residual magic.
Nothing appears to happen.
The ogre hits you with a +0 giant club!!
Ouch! That really hurt!
You die...

.###.#.##### .#...#.....#
.#...#.###.# .#.....# #.#
.#.#.#####.# #########
.........#.# #.......# ##
##.#.###.#.# #.......# #.
...#...#...#####.......#########.
........†......O@................
######.#########........##.###.##
######.# #............##(..#.#
##<....# #......##)........#.##
############......##.........#...
.....†.....'......++.........'...
#..###...###......##.........####
##.###§..###......##..###†##.## #
.....§....##......#...#....#..# #


You could see an ogre.

Vanquished Creatures
  An orc priest (D:3)
  An orc wizard (D:2)
  7 gnolls
  2 adders
  2 worms
  7 orcs (D:3)
  A ball python (D:1)
  2 endoplasms (D:1)
  4 giant cockroaches (D:1)
  9 goblins
  9 hobgoblins (D:1)
  3 jackals (D:2)
  3 kobolds
  5 quokkas
  10 bats
  2 frilled lizards
  6 rats
74 creatures vanquished.

Vanquished Creatures (others)
  225 foxfires
225 creatures vanquished.

Grand Total: 299 creatures vanquished

Notes
Turn   | Place    | Note
-------+----------+-------------------------------------------
     0 | D:1      | funkygono the Gargoyle Fire Elementalist began the quest
                  | for the Orb.
     0 | D:1      | Reached XP level 1. HP: 10/10 MP: 3/3
   229 | D:1      | Reached XP level 2. HP: 15/15 MP: 3/5
   232 | D:1      | Learned a level 2 spell: Scorch
   902 | D:1      | Reached XP level 3. HP: 19/19 MP: 4/6
   906 | D:1      | Learned a level 3 spell: Conjure Flame
  2102 | D:2      | Reached XP level 4. HP: 24/24 MP: 2/8
  2290 | D:2      | Found a faded altar of an unknown god.
  3151 | D:2      | Reached XP level 5. HP: 27/28 MP: 0/10
  3461 | D:3      | Found a sacrificial altar of Ru.
  4066 | D:3      | Reached XP level 6. HP: 32/32 MP: 2/12
  4149 | D:3      | Learned a level 4 spell: Flame Wave
  4151 | D:3      | Learned a level 1 spell: Sting
  4237 | D:3      | Annihilated by an ogre

Illustrated notes

Levels and vault maps discovered:
D:1:      amcnicky_arrival_choice, layout_basic
D:2:      layout_basic, chequers_ecumenical_altar_simple,
          minmay_misc_feat_square, dk_noncrumbling_2, hangedman_decor_opposing
D:3:      layout_basic, mainiacjoe_overflow_catwalk, kennysheep_generic_room_14

Skill      XL: |  1  2  3  4  5 |
---------------+----------------+-----
Spellcasting   | 3 4 |  4.3
Conjurations   | 2 |  2.5
Fire Magic     | 4 |  4.2
Dodging        | |  1.8
Stealth        | |  2.1

Action                   |  1- 3 |  4- 6 || total
-------------------------+-------+-------++-------
Melee: Club              |     1 |     1 ||     2
 Cast: Foxfire           |    70 |    60 ||   130
       Scorch            |     6 |    15 ||    21
       Conjure Flame     |       |     1 ||     1
       Sting             |       |     1 ||     1
Armor: Robe              |    10 |     5 ||    15
Dodge: Dodged            |    20 |     9 ||    29
